Match 46501167
Unlisted

Match 46501167
End
Construct Barracks
Engineer Squad
1⁄4-ton 4x4 Truck
Selects Armored Battlegroup
Selects Veteran Crews
Riflemen Squad
Riflemen Squad
Grenade Package
Mechanized Support Center
Construct Medical Station
Construct Medical Station
Riflemen Squad
Construct Motor Pool
Engineer Squad
Selects Field Repairs
M3 75 mm Gun Motor Carriage
Selects Fast Deploy
M3 75 mm Gun Motor Carriage
Selects M8 Scott SPG
M1 Anti-tank Gun Team
M1 Anti-tank Gun Team
M24 Chaffee Light Tank
M24 Chaffee Light Tank
Selects War Machine
M24 Chaffee Light Tank
Riflemen Squad
Field Repairs
stmodst
Makros
0
0

Comments sign in to comment!

No comments posted yet!